 Dungeon Sprint DCSS version 0.30-a0-272-gf98c3da03f (webtiles) character file.

Game seed: 5133654286851842671

1240 Low2 the Cruncher (level 8, 0/92 HPs)
             Began as an Ogre Gladiator on Oct 15, 2022.
             Was a Follower of Cheibriados.
             Slain by a demonic crawler (2 damage)
             ... in the Dungeon (Sprint I: "Red Sonja").
             The game lasted 00:10:20 (1143 turns).

Low2 the Cruncher (Ogre Gladiator)                  Turns: 1143, Time: 00:10:20

Health: 0/92       AC:  5    Str: 24    XL:     8   Next: 49%
Magic:  3/9        EV: 13    Int: 12    God:    Cheibriados [*.....]
Gold:   429        SH:  0    Dex: 13    Spells: 7/7 levels left

rFire   . . .      SeeInvis .    e - +2 scythe (vorpal)
rCold   + . .      Faith    .    (shield currently unavailable)
rNeg    . . .      Spirit   .    f - +2 robe {rC+}
rPois   .          Reflect  .    c - +0 hat
rElec   .          Harm     .    (no cloak)
rCorr   .          Rampage  .    (gloves unavailable)
Will    .....      NoTele   +    (boots unavailable)
Stlth   ++........               (no amulet)
HPRegen 0.35/turn                (no ring)
MPRegen 0.11/turn                (no ring)

@: very slow
A: large, unfitting armour, tough skin 1
a: Renounce Religion, Bend Time


You were in the Dungeon.
You worshipped Cheibriados.
Cheibriados was aware of your devotion.
You visited 1 branch You collected 429 gold pieces.

Inventory:

Hand Weapons
 a - a +0 quarterstaff
 e - a +2 vorpal scythe (weapon)
Armour
 b - a +0 robe
 c - a +0 hat (worn)
 f - a +2 robe of cold resistance (worn)
Wands
 d - a wand of roots (1)
 l - a wand of acid (6) (quivered)
Potions
 h - a potion of haste
 i - a potion of magic


   Skills:
 + Level 9.0 Fighting
 + Level 6.1(9.4) Polearms
 + Level 11.0(11.7) Staves
 + Level 6.0 Throwing
 + Level 8.7 Dodging
 + Level 3.5 Stealth
 + Level 1.7 Invocations
 + Level 1.5 Evocations


You had 7 spell levels left.
You didn't know any spells.
Your spell library was empty.

Dungeon Overview and Level Annotations

Branches:
Dungeon (1/1)

Altars:
Cheibriados
Dithmenos
Elyvilon
Fedhas
Gozag
Hepliaklqana
Kikubaaqudgha
Makhleb
Nemelex Xobeh
Okawaru
Qazlal
Ru
Sif Muna
Trog
Uskayaw
Vehumet
Wu Jian
Xom
Yredelemnul
Zin
The Shining One
Jiyva
Lugonu

Shops:
D [


Innate Abilities, Weirdness & Mutations

You are too large for most types of armour.
You have tough skin. (AC +1)


Message History

The demonic crawler closely misses you. The demonic crawler barely misses you.
The flow of time bends around you.
The demonic crawler resists with some effort.
The demonic crawler shrieks in warning!
The demonic crawler hits you!
The demonic crawler hits you but does no damage.
The demonic crawler hits you!
You impale the demonic crawler!!
The demonic crawler is heavily wounded.
The demonic crawler shrieks in warning! x2
You barely miss the demonic crawler.
The demonic crawler is heavily wounded.
The demonic crawler barely misses you. The demonic crawler hits you! x2
You slash the demonic crawler!
The demonic crawler is moderately wounded.
The demonic crawler hits you but does no damage.
The demonic crawler barely misses you.
The demonic crawler hits you but does no damage.
The demonic crawler hits you!
The demonic crawler barely misses you. x2
The demonic crawler hits you. x2; The demonic crawler barely misses you.
You hit the demonic crawler but do no damage.
The demonic crawler is heavily wounded.
The demonic crawler shrieks in warning!
A gargoyle comes into view. It is wielding a +0 mace.
The demonic crawler hits you! The demonic crawler misses you.
The demonic crawler hits you but does no damage.
The demonic crawler barely misses you. The demonic crawler hits you!
* * * LOW HITPOINT WARNING * * *
The demonic crawler hits you!
* * * LOW HITPOINT WARNING * * *
The flow of time bends around you.
The demonic crawler resists with some effort. x2
The demonic crawler hits you.
* * * LOW HITPOINT WARNING * * *
The demonic crawler completely misses you.
The demonic crawler hits you.
* * * LOW HITPOINT WARNING * * *
The demonic crawler misses you. The demonic crawler closely misses you.
The demonic crawler hits you.
You die...

##################
.#..'..#__#..'...#
.'..#..'..'.)#..s##+#
'#####'#__####..@ss.#
.#...#.#### #####s9+
##..##.# ## _##'#_.+
..'..._# _##_.#'#
_###+#.# ## ###


You could see 4 demonic crawlers and a gargoyle.

Vanquished Creatures
  2 kobold demonologists (D)
  A slime creature (D)
  Sigmund (D)
  A yak (D)
  A floating eye (D)
  An ogre (D)
  A jelly (D)
  Ijyb (D)
9 creatures vanquished.

Notes
Turn   | Place    | Note
-------+----------+-------------------------------------------
     0 | D        | Low2 the Ogre Gladiator began the quest for the Orb.
     0 | D        | Reached XP level 1. HP: 22/22 MP: 1/1
     2 | D        | Noticed Ijyb
    22 | D        | Killed Ijyb
    23 | D        | Reached skill level 4 in Staves
    23 | D        | Reached XP level 2. HP: 8/32 MP: 2/2
    23 | D        | Reached XP level 3. HP: 9/39 MP: 3/3
   139 | D        | Noticed an ogre
   145 | D        | Killed an ogre
   146 | D        | Reached skill level 5 in Fighting
   146 | D        | Reached skill level 6 in Staves
   146 | D        | Reached skill level 5 in Dodging
   146 | D        | Reached skill level 1 in Stealth
   146 | D        | Reached XP level 4. HP: 16/50 MP: 4/4
   276 | D        | Noticed Sigmund
   281 | D        | Killed Sigmund
   282 | D        | Reached skill level 8 in Staves
   282 | D        | Reached XP level 5. HP: 49/61 MP: 5/5
   282 | D        | Reached XP level 6. HP: 55/68 MP: 6/6
   334 | D        | Found an ornate altar of the Wu Jian Council.
   334 | D        | Found a shimmering blue altar of Sif Muna.
   336 | D        | Found a radiant altar of Vehumet.
   434 | D        | Found Ykhlig's Antique Armour Emporium.
   434 | D        | Found an ancient bone altar of Kikubaaqudgha.
   434 | D        | Found a hazy altar of Hepliaklqana.
   434 | D        | Found a stormy altar of Qazlal.
   434 | D        | Found a hide-covered altar of Uskayaw.
   434 | D        | Found a blossoming altar of Fedhas.
   434 | D        | Found a bloodstained altar of Trog.
   434 | D        | Found an iron altar of Okawaru.
   434 | D        | Found a basalt altar of Yredelemnul.
   434 | D        | Found a glowing golden altar of the Shining One.
   434 | D        | Found a snail-covered altar of Cheibriados.
   434 | D        | Found a sacrificial altar of Ru.
   434 | D        | Found a glowing silver altar of Zin.
   434 | D        | Found a shadowy altar of Dithmenos.
   434 | D        | Found a white marble altar of Elyvilon.
   434 | D        | Noticed a yak
   438 | D        | Killed a yak
   439 | D        | Reached skill level 9 in Staves
   439 | D        | Reached skill level 5 in Throwing
   439 | D        | Reached XP level 7. HP: 62/78 MP: 7/7
   439 | D        | Found an opulent altar of Gozag.
   440 | D        | Found a sparkling altar of Nemelex Xobeh.
   516 | D        | Became a worshipper of Cheibriados the Contemplative
   532 | D        | Found a burning altar of Makhleb.
   532 | D        | Found a viscous altar of Jiyva.
   532 | D        | Found a shimmering altar of Xom.
   532 | D        | Found a corrupted altar of Lugonu.
   532 | D        | Noticed a slime creature
   543 | D        | Killed a slime creature
   544 | D        | Reached skill level 10 in Staves
   834 | D        | Noticed a kobold demonologist
   835 | D        | Noticed a kobold demonologist
   839 | D        | Paralysed by a floating eye for 4 turns
   843 | D        | Noticed a sun demon
   844 | D        | Killed a kobold demonologist
   844 | D        | Reached * piety under Cheibriados
   845 | D        | Reached skill level 1 in Evocations
   845 | D        | Reached XP level 8. HP: 83/89 MP: 8/8
   848 | D        | Noticed a hellwing
   853 | D        | Noticed an orange demon
   869 | D        | Paralysed by a floating eye for 4 turns
   876 | D        | Reached skill level 5 in Polearms
   895 | D        | Killed a kobold demonologist
   896 | D        | Reached skill level 11 in Staves
   896 | D        | Reached skill level 1 in Invocations
  1137 | D        | Noticed a demonic crawler
  1137 | D        | Noticed a demonic crawler
  1137 | D        | Noticed a demonic crawler
  1137 | D        | Noticed a demonic crawler
  1142 | D        | Noticed a gargoyle
  1143 | D        | HP: 4/92 [demonic crawler (5)]
  1143 | D        | Slain by a demonic crawler

Illustrated notes

Levels and vault maps discovered:
D:        dungeon_sprint_1 [red_sonja_temple_1, red_sonja_temple_small_1]

Skill      XL: |  1  2  3  4  5  6  7  8 |
---------------+-------------------------+-----
Fighting       | 3 5 6 7 8 9 |  9.0
Staves         | 4 6 8 9 10 11 | 11.0
Dodging        | 4 5 6 7 8 |  8.7
Throwing       | 3 4 5 6 |  6.0
Stealth        | 1 2 3 |  3.5
Polearms       | 2 4 6 |  6.1
Evocations     | 1 |  1.5
Invocations    | 1 |  1.7

Action                   |  1- 3 |  4- 6 |  7- 9 || total
-------------------------+-------+-------+-------++-------
Melee: Quarterstaff      |    16 |     2 |       ||    18
       Halberd           |       |     5 |    33 ||    38
Throw: Throwing net      |     4 |     1 |     1 ||     6
       Large rock        |     1 |       |       ||     1
Invok: Bend Time         |       |       |     7 ||     7
Evoke: Wand              |       |     2 |     3 ||     5
  Use: Potion            |     2 |       |     2 ||     4
       Scroll            |       |       |     1 ||     1
 Stab: Held in net/web   |     1 |       |       ||     1
Armor: Robe              |     1 |     1 |    48 ||    50
Dodge: Dodged            |     4 |     3 |    67 ||    74

Table legend: (Time is in decaauts)
 A = Elapsed time spent in this place.
 B = Non-inter-level travel time spent in this place.
 C = Inter-level travel time spent in this place.
 D = Time resting spent in this place.
 E = Time spent auto-exploring this place.
 F = Levels seen in this place.
 G = Mean time per level.
                   A        B        C        D        E       F      G
               +--------+--------+--------+--------+--------+-----+--------+
         Total |   1186 |   1186 |      0 |    861 |      0 |   1 | 1186.0 |
       Dungeon |   1186 |   1186 |      0 |    861 |      0 |   1 | 1186.0 |
               +--------+--------+--------+--------+--------+-----+--------+

Top non-repeatable levels by time:
       D: 1186 daAuts
